 Dungeon Crawl Stone Soup version 0.29.0-13-gc9e81de378 (webtiles) character file.

Game seed: 11051231374263388465

46 SnakkuSnakku7 the Sneak (level 3, 0/23 HPs)
             Began as a Gargoyle Delver on Sept 10, 2022.
             Was an Initiate of Kikubaaqudgha.
             Slain by Grinder (3 damage)
             ... on level 3 of the Dungeon.
             The game lasted 00:02:24 (1752 turns).

SnakkuSnakku7 the Sneak (Gargoyle Delver)           Turns: 1752, Time: 00:02:27

Health: 0/23       AC:  9    Str: 17    XL:     3   Next: 68%
Magic:  3/3        EV:  9    Int: 10    God:    Kikubaaqudgha [......]
Gold:   69         SH:  0    Dex: 11    Spells: 2/2 levels left

rFire   . . .      SeeInvis .   a - +2 hand axe (flame)
rCold   . . .      Faith    +   (no shield)
rNeg    + . .      Spirit   .   d - +0 scale mail
rPois   ∞          Reflect  .   (no helmet)
rElec   +          Harm     .   (no cloak)
rCorr   .          Rampage  .   (no gloves)
Will    .....                   (no boots)
Stlth   +.........              e - amulet of faith
HPRegen 0.07/turn               (no ring)
MPRegen 0.08/turn               (no ring)

@: no status effects
A: sickness immunity, AC +3, negative energy resistance 1, electricity
resistance, torment resistance 1, petrification resistance
a: Renounce Religion


You were on level 3 of the Dungeon.
You worshipped Kikubaaqudgha.
Kikubaaqudgha was noncommittal.
You visited 1 branch of the dungeon, and saw 5 of its levels.

You collected 69 gold pieces.

Inventory:

Hand Weapons
 a - a +2 hand axe of flaming (weapon)
 b - a +0 broad axe
 i - a +0 mace
Armour
 d - a +0 scale mail (worn)
 n - a +0 leather armour
Jewellery
 e - an amulet of faith (around neck)
Wands
 g - a wand of digging (3)
Scrolls
 c - a scroll of fog
 f - a scroll of teleportation {unknown}
 h - a scroll of fear
Potions
 k - a potion of berserk rage {unknown}
 l - a potion of heal wounds
 m - a potion of curing


   Skills:
 - Level 3.2 Fighting
 + Level 2.2(2.8) Axes
 - Level 2.8(3.3) Maces & Flails
 - Level 1.5 Dodging
 - Level 5.4 Stealth


You had 2 spell levels left.
You didn't know any spells.
Your spell library contained the following spells:

 Spells                   Type           Power      Damage    Failure   Level
 Shock                    Conj/Air       0%         1d3       80%         1
 Summon Small Mammal      Summ           0%         N/A       80%         1
 Call Canine Familiar     Summ           0%         N/A       99%         3
 Summon Guardian Golem    Hex/Summ       0%         N/A       99%         3
 Swiftness                Air            0%         N/A       99%         3
 Airstrike                Air            0%         2d(0-16)  100%        4


Dungeon Overview and Level Annotations

Branches:
Dungeon (5/15)
 Temple: D:4-7

Altars:
Kikubaaqudgha
Yredelemnul

Shops:
D:4 (

Annotations:
D:3 Grinder
D:4 Menkaure


Innate Abilities, Weirdness & Mutations

You are immune to sickness and miasma.
Your stone body is resilient. (AC +3)
You are immune to poison.
You resist negative energy. (rN+)
You are resistant to electric shocks. (rElec)
You are resistant to unholy torment.
You are immune to petrification.


Message History

You hit Grinder but do no damage.
Grinder is heavily wounded.
You hit the bat. You burn the bat.
You kill the bat!
Kikubaaqudgha accepts your kill.
Grinder blinks!
Unknown command.
Unknown command.
Unknown command.
Found a potion of curing.
Found a trident.
Grinder hits you but does no damage.
Unknown command.
Unknown command.
You barely miss Grinder.
Grinder is heavily wounded.
Grinder hits you.
You hit Grinder. You burn Grinder.
Grinder is severely wounded.
Grinder blinks!
Grinder says, "You look like you could use a good racking."
Grinder blinks!
Unknown command.
Grinder barely misses you.
You hit Grinder. You burn Grinder.
Grinder is almost dead.
Grinder hits you!
You writhe in agony.
You are too injured to fight recklessly!
You are too injured to fight recklessly!
You are too injured to fight recklessly!
You barely miss Grinder.
Grinder is almost dead.
Grinder gestures at you. Pain shoots through your body!
You hit Grinder but do no damage.
Grinder is almost dead.
Grinder hits you.
* * * LOW HITPOINT WARNING * * *
You writhe in agony.
You die...
Kikubaaqudgha rasps: "You have failed me!
Welcome... oblivion!"

##+++## .
#.....# ).
#.....# #
#.#..8..# .#
.......##.#
#.....5<#
#....@#
######.....#.#
#<).†).......#
#######.######
..... ##.###..
#. ... !. ..
..# .


You could see Grinder.

Vanquished Creatures
  A gnoll (D:1)
  A worm (D:2)
  3 bats
  4 endoplasms
  2 giant cockroaches
  2 goblins
  4 hobgoblins (D:1)
  3 quokkas
  4 ball pythons
  4 kobolds
  2 rats (D:2)
30 creatures vanquished.

Vanquished Creatures (others)
  A withered plant (D:4)
1 creature vanquished.

Grand Total: 31 creatures vanquished

Notes
Turn   | Place    | Note
-------+----------+-------------------------------------------
     0 | D:5      | SnakkuSnakku7 the Gargoyle Delver began the quest for the
                  | Orb.
     0 | D:5      | Reached XP level 1. HP: 14/14 MP: 1/1
    19 | D:5      | Noticed an ogre
    22 | D:5      | Noticed a water moccasin
    40 | D:4      | Noticed an iguana
    40 | D:4      | Found a basalt altar of Yredelemnul.
   100 | D:4      | Noticed Menkaure
   101 | D:4      | Noticed a howler monkey
   112 | D:4      | Found Wupaheut's Weapon Shop.
   400 | D:1      | Reached XP level 2. HP: 18/19 MP: 2/2
   403 | D:1      | Found a faded altar of an unknown god.
   657 | D:1      | Reached skill level 1 in Axes
   657 | D:1      | Reached XP level 3. HP: 16/23 MP: 3/3
  1058 | D:2      | Found an ancient bone altar of Kikubaaqudgha.
  1129 | D:2      | Became a worshipper of Kikubaaqudgha
  1704 | D:3      | Noticed Grinder
  1705 | D:3      | Paralysed by Grinder for 4 turns
  1734 | D:3      | Paralysed by Grinder for 3 turns
  1752 | D:3      | Slain by Grinder

Illustrated notes

Levels and vault maps discovered:
D:1:      matt_arrival_diagonals, layout_basic,
          ebering_ecumenical_altar_sacrificial
D:2:      layout_basic, basic_altar, nicolae_underground_beach
D:3:      layout_basic, lemuel_crystal_altar, slow_altar_2, serial_shops,
          nicolae_shop_advertising_works [nicolae_subvault_shop_adworks],
          uniq_grinder
D:4:      nicolae_cairo_tiling_large_dashed, layout_basic,
          nemelex_diamond_rough_becter, yredelemnul_altar_generic, serial_shops,
          kennysheep_mini, shop, nicolae_shop_stone, shop, shop, uniq_menkaure,
          uniq_pikel
D:5:      layout_layer_cave, xom_redecorated

Skill      XL: |  1  2  3 |
---------------+----------+-----
Axes           | 1 2 |  2.2
Fighting       | |  3.2
Maces & Flails | |  2.8
Dodging        | |  1.5
Stealth        | |  5.4

Action                   || total
-------------------------++-------
Melee: Mace              ||    20
       Hand axe          ||    61
       Punch             ||     1
  Use: Scroll            ||     4
       Potion            ||     1
 Stab: Sleeping          ||     3
Armor: Leather armour    ||     2
       Scale mail        ||    33
Dodge: Dodged            ||    40
